 Dungeon Crawl Stone Soup version 0.31-a0-355-g57cb03d3e8 (webtiles) character file.

Game seed: 14591417097575705622

4347 Newt the Carver (level 10, -1/79 HPs)
             Began as a Merfolk Fighter on July 24, 2023.
             Was an Initiate of Gozag.
             Slain by a killer bee (4 damage)
             ... on level 8 of the Dungeon.
             The game lasted 00:13:29 (7456 turns).

Newt the Carver (Merfolk Fighter)                   Turns: 7456, Time: 00:13:29

Health: -1/79      AC:  7    Str: 16    XL:     10   Next: 34%
Magic:  10/10      EV: 12    Int:  8    God:    Gozag
Gold:   1120       SH:  8    Dex: 18    Spells: 9/9 levels left

rFire   . . .        a - +2 long sword (elec)
rCold   + . .        f - +2 buckler
rNeg    . . .        b - +0 scale mail
rPois   .            (no helmet)
rElec   .            (no cloak)
rCorr   +            (no gloves)
SInv    .            (no boots)
Will    .....        y - amulet of regeneration Stlth
                     k - ring of protection from cold
HPRegen 1.13/turn    B - ring of resist corrosion
MPRegen 0.12/turn

%: no passive effects
@: lethally poisoned (-1 -> -6)
A: (nimble swimmer 2), mertail
a: Renounce Religion, Potion Petition, Call Merchant, Bribe Branch


You were on level 8 of the Dungeon.
You worshipped Gozag.
Gozag was most pleased with you.
You visited 2 branches of the dungeon, and saw 9 of its levels.

You collected 1168 gold pieces.
You paid 48 gold pieces to Gozag.

Inventory:

Hand Weapons
 a - a +2 long sword of electrocution (weapon)
 s - the +7 staff of the Meek {protect, meekguard}
   (You found it on level 5 of the Dungeon)
 u - a +1 short sword of holy wrath
Missiles
 g - 2 throwing nets
 l - 8 poisoned darts
 n - 3 boomerangs (quivered)
 t - 4 atropa-tipped darts
Armour
 b - a +0 scale mail (worn)
 c - a +0 buckler
 f - a +2 buckler (worn)
 i - a +0 pair of gloves
 z - a +0 kite shield
Jewellery
 k - a ring of protection from cold (left hand)
 y - an amulet of regeneration (around neck)
 B - a ring of resist corrosion (right hand)
Scrolls
 d - 2 scrolls of blinking
 h - 3 scrolls of poison
 j - 2 scrolls of amnesia
 r - 2 scrolls of fear
 v - a scroll of revelation
 A - a scroll of silence {unknown}
Potions
 e - a potion of magic
 o - 2 potions of invisibility {unknown}
 p - 2 potions of lignification
 q - a potion of enlightenment
 w - a potion of haste
 x - a potion of might


   Skills:
 - Level 7.0 Fighting
 - Level 9.0 Long Blades
 + Level 7.6 Throwing
 - Level 4.0 Armour
 - Level 7.0 Dodging
 - Level 6.0 Shields


You had 9 spell levels left.
You didn't know any spells.
Your spell library contained the following spells:

 Spells                   Type           Power      Damage    Failure   Level
 Blink                    Tloc           0%         N/A       96%         2
 Lesser Beckoning         Tloc           0%         N/A       96%         2
 Dazzling Flash           Conj/Hex       0%         N/A       99%         3
 Gell's Gravitas          Tloc           0%         N/A       99%         3
 Teleport Other           Tloc           0%         N/A       99%         3
 Tukima's Dance           Hex            0%         N/A       99%         3
 Manifold Assault         Tloc           0%         N/A       100%        4
 Passage of Golubria      Tloc           0%         N/A       100%        4
 Agony                    Necr           0%         N/A       100%        5
 Silence                  Hex/Air        0%         N/A       100%        5
 Yara's Violent Unravell  Hex/Tmut       0%         3d3       100%        5
 Dispersal                Tloc           0%         N/A       100%        6


Dungeon Overview and Level Annotations

Branches:
Dungeon (8/15)             Temple (1/1) D:4
   Lair: D:8-11

Altars:
Ashenzari
Cheibriados
Dithmenos
Elyvilon
Fedhas
Gozag
Hepliaklqana
Kikubaaqudgha
Makhleb
Nemelex Xobeh
Qazlal
Ru
Sif Muna
Trog
Uskayaw
Vehumet
Wu Jian
Xom
Yredelemnul
Zin
The Shining One


Innate Abilities, Weirdness & Mutations

((You are very nimble when in or above water. (Stealth+, EV+, Speed+++)))
Your lower body shifts to a powerful aquatic tail in water.


Message History

The killer bee is almost dead.
The killer bee closely misses you. x2
Unknown command.
You miss the killer bee.
The killer bee is almost dead.
The killer bee stings you but does no damage.
The killer bee closely misses you.
Unknown command.
You miss the killer bee.
The killer bee is almost dead.
The killer bee barely misses you. The killer bee stings you!
* * * LOW HITPOINT WARNING * * *
Unknown command.
You miss the killer bee.
The killer bee is severely wounded.
The killer bee stings you.
* * * LOW HITPOINT WARNING * * *
You are poisoned.
The killer bee poisons you! The killer bee closely misses you.
Unknown command.
You barely miss the killer bee.
The killer bee is severely wounded.
You feel sick. The killer bee barely misses you.
Unknown command.
You completely miss the killer bee.
The killer bee is severely wounded.
You feel sick. The killer bee stings you.
* * * LOW HITPOINT WARNING * * *
You are more poisoned.
The killer bee poisons you! The killer bee closely misses you.
Unknown command.
You miss the killer bee.
The killer bee is severely wounded.
* * * LOW HITPOINT WARNING * * *
You feel very sick. The killer bee stings you.
* * * LOW HITPOINT WARNING * * *
The killer bee stings you.
You die...
Your body crumbles into a pile of gold.

...###########.# $
.............#.# # #
...#########.#.# . ..
#### #.#.# .#..# #
#.#.###...##
#...)(......
##############.....###
...<............####
############....@yy#
#.#####y$# #. ##.|.#
.. ...... .# ###....
.# ####


You could see 3 killer bees.

Vanquished Creatures
  A two-headed ogre (D:7)
  A cyclops (D:7)
  Joseph (D:8)
  The ghost of KarmaticGoose the Magician, a novice DsHW of Nemelex Xobeh (D:5)
  A troll (D:8)
  Menkaure (D:6)
  An acid dragon (D:7)
  A sky beast (D:7)
  An orc warrior (D:5)
  A black bear (D:5)
  An ogre (D:6)
  3 centaurs
  A phantom (Temple)
  A gnoll sergeant (D:7)
  A bullfrog (D:6)
  4 scorpions
  A water moccasin skeleton (D:5)
  7 killer bees
  A howler monkey (D:3)
  5 hounds (D:5)
  A jelly (D:8)
  4 orc priests (D:5)
  A centaur skeleton (D:5)
  A gnoll bouda (D:7)
  Jessica (D:3)
  4 iguanas
  2 sleepcaps
  4 orc wizards
  4 adders
  15 gnolls
  A howler monkey skeleton (D:5)
  A shadow imp (D:7)
  A white imp (D:6)
  A worm (D:2)
  4 dart slugs
  27 orcs
  9 ball pythons
  3 bat zombies (D:5)
  5 endoplasms
  3 giant cockroaches
  10 hobgoblins
  9 jackals
  8 kobolds
  A quokka (D:5)
  4 bats
  6 frilled lizards
  7 goblins
  6 rats
  2 rat zombies (D:5)
180 creatures vanquished.

Notes
Turn   | Place    | Note
-------+----------+-------------------------------------------
     0 | D:1      | Newt the Merfolk Fighter began the quest for the Orb.
     0 | D:1      | Reached XP level 1. HP: 18/18 MP: 1/1
   134 | D:1      | Reached XP level 2. HP: 25/25 MP: 2/2
   145 | D:1      | Reached skill level 1 in Dodging
   290 | D:1      | Reached XP level 3. HP: 26/30 MP: 3/3
  1125 | D:3      | Noticed Jessica
  1135 | D:3      | Killed Jessica
  1136 | D:3      | Reached skill level 1 in Throwing
  1136 | D:3      | Reached XP level 4. HP: 28/37 MP: 4/4
  1260 | D:3      | Found a shimmering altar of Xom.
  1489 | D:3      | Noticed a scorpion
  1500 | D:3      | Killed a scorpion
  1501 | D:3      | Reached XP level 5. HP: 27/42 MP: 5/5
  1753 | D:3      | You fall into a shaft and drop 1 floor!
  1755 | D:4      | Noticed a +0 spear
  1755 | D:4      | Noticed a +0 short sword
  1755 | D:4      | Noticed a +0 spear
  1772 | D:4      | Noticed a phantom
  1778 | D:4      | Found a staircase to the Ecumenical Temple.
  1786 | Temple   | Entered the Ecumenical Temple
  1801 | Temple   | Killed a phantom
  1802 | Temple   | Reached XP level 6. HP: 33/48 MP: 6/6
  1980 | Temple   | Became a worshipper of Gozag Ym Sagoz the Greedy
  2907 | D:4      | Noticed a +0 dagger
  2907 | D:4      | Noticed a +0 dagger
  2907 | D:4      | Noticed a +0 falchion
  2914 | D:4      | Noticed a +0 falchion
  2915 | D:4      | Reached skill level 5 in Throwing
  2915 | D:4      | Reached skill level 3 in Long Blades
  2918 | D:4      | Noticed a +0 short sword
  2978 | D:4      | Found a hide-covered altar of Uskayaw.
  3073 | D:4      | Reached skill level 4 in Long Blades
  3073 | D:4      | Reached XP level 7. HP: 22/54 MP: 7/7
  3653 | D:5      | Entered Level 5 of the Dungeon
  3746 | D:5      | Reached skill level 5 in Long Blades
  4019 | D:5      | Reached skill level 6 in Long Blades
  4199 | D:5      | Reached XP level 8. HP: 32/60 MP: 8/8
  4416 | D:5      | Found the +7 staff of the Meek {protect, meekguard}
  4558 | D:5      | HP: 1/61 [orc priest/divine providence (14)]
  4914 | D:5      | Found a bloodstained altar of Trog.
  5112 | D:5      | Reached skill level 5 in Fighting
  5127 | D:5      | Found an ancient bone altar of Kikubaaqudgha.
  5191 | D:5      | Found a transporter.
  5193 | D:5      | Noticed KarmaticGoose's ghost (novice DsHW)
  5198 | D:5      | Found a transporter.
  5221 | D:5      | Killed KarmaticGoose's ghost
  5704 | D:6      | Found a glowing golden altar of the Shining One.
  5705 | D:6      | Found a sparkling altar of Nemelex Xobeh.
  5706 | D:6      | Found a snail-covered altar of Cheibriados.
  5746 | D:6      | Reached XP level 9. HP: 65/72 MP: 9/9
  5834 | D:6      | Reached skill level 5 in Shields
  5880 | D:6      | Noticed Menkaure
  5883 | D:6      | Killed Menkaure
  5941 | D:6      | Found a glowing silver altar of Zin.
  6044 | D:6      | Found a hazy altar of Hepliaklqana.
  6228 | D:7      | Reached skill level 5 in Dodging
  6401 | D:7      | Found a blossoming altar of Fedhas.
  6699 | D:7      | Reached skill level 7 in Long Blades
  6791 | D:7      | Noticed a cyclops
  6801 | D:7      | Killed a cyclops
  6802 | D:7      | Reached skill level 8 in Long Blades
  6973 | D:7      | Noticed a two-headed ogre
  6982 | D:7      | Killed a two-headed ogre
  6983 | D:7      | Reached skill level 9 in Long Blades
  6983 | D:7      | Reached XP level 10. HP: 45/79 MP: 10/10
  7421 | D:8      | Noticed Joseph
  7435 | D:8      | Killed Joseph
  7456 | D:8      | HP: 3/79 [killer bee (5)]
  7456 | D:8      | Slain by a killer bee

Illustrated notes

Levels and vault maps discovered:
D:1:      psy_arrival_fountain, layout_basic, bh_walls_and_bars
D:2:      layout_rooms
D:3:      layout_basic, tgw_xom, uniq_jessica
D:4:      minmay_inner_zag, layout_basic, nicolae_uskayaw_en_pointe,
          minmay_temple_entry_glass
D:5:      layout_rooms, lemuel_zombie_altar_kikubaaqudgha,
          amcnicky_altar_gilded, gammafunk_ghost_mausoleum,
          minmay_misc_feat_cross, pf_guarded_unrand_meek
D:6:      layout_rooms, mainiacjoe_overflow_24_doors,
          gammafunk_temple_overflow_claw, zin_statuary, uniq_menkaure
D:7:      layout_basic, fedhas_ov_isle_minmay, kb_rosetta
D:8:      layout_rooms, uniq_joseph
Temple:   grunt_temple_mini_profane

Skill      XL: |  1  2  3  4  5  6  7  8  9 10 |
---------------+-------------------------------+-----
Fighting       | 4 7 |  7.0
Dodging        | 2 4 7 |  7.0
Throwing       | 1 2 4 5 6 7 |  7.6
Long Blades    | 4 6 9 |  9.0
Armour         | 3 4 |  4.0
Shields        | 4 6 |  6.0

Action                     |  1- 3 |  4- 6 |  7- 9 | 10-12 || total
---------------------------+-------+-------+-------+-------++-------
  Melee: Long sword        |   117 |   155 |   260 |    29 ||   561
         Tailslap          |       |       |     1 |       ||     1
  Throw: Dart              |     5 |       |    11 |       ||    16
         Boomerang         |       |    21 |    60 |    10 ||    91
         Throwing net      |       |       |     1 |       ||     1
    Use: Scroll            |     7 |     4 |     8 |       ||    19
         Potion            |       |       |     5 |     1 ||     6
   Stab: Distracted        |       |       |     2 |       ||     2
         Held in net/web   |       |       |     1 |       ||     1
 Armour: Scale mail        |    58 |    54 |    85 |    13 ||   210
  Dodge: Dodged            |    73 |    73 |   111 |    32 ||   289
  Block: Buckler           |    39 |    44 |    93 |    22 ||   198

Table legend: (Time is in decaauts)
 A = Elapsed time spent in this place.
 B = Non-inter-level travel time spent in this place.
 C = Inter-level travel time spent in this place.
 D = Time resting spent in this place.
 E = Time spent auto-exploring this place.
 F = Levels seen in this place.
 G = Mean time per level.
                   A        B        C        D        E       F      G
               +--------+--------+--------+--------+--------+-----+--------+
         Total |   7557 |   7288 |    269 |   1923 |   3939 |   9 |  839.7 |
       Dungeon |   7333 |   7115 |    218 |   1771 |   3939 |   8 |  916.6 |
        Temple |    224 |    173 |     51 |    152 |      0 |   1 |  224.0 |
               +--------+--------+--------+--------+--------+-----+--------+

Top non-repeatable levels by time:
     D:5: 1926 daAuts
     D:3: 1219 daAuts
     D:4: 1150 daAuts
     D:7: 1098 daAuts
     D:1: 688 daAuts
     D:6: 592 daAuts
     D:2: 461 daAuts
  Temple: 224 daAuts
     D:8: 197 daAuts
